 Dungeon Crawl Stone Soup version 0.30-a0-748-ge6a52f7cba (webtiles) character file.

Game seed: 17314897534730444722

170 Crownlay the Firebug (level 5, 0/38 HPs)
             Began as a Hill Orc Fire Elementalist on Feb 8, 2023.
             Was an Initiate of Gozag.
             Slain by a gnoll bouda
             ... wielding a +0 club
              (10 damage)
             ... on level 4 of the Dungeon.
             The game lasted 00:07:50 (4548 turns).

Crownlay the Firebug (Hill Orc Fire Elementalist)   Turns: 4548, Time: 00:07:51

Health: 0/38       AC:  5    Str: 11    XL:     5   Next: 51%
Magic:  0/7        EV: 17    Int: 23    God:    Gozag
Gold:   358        SH:  0    Dex: 11    Spells: 1/7 levels left

rFire   . . .      SeeInvis .    h - +1 trident (protect)
rCold   . . .      Faith    .    (no shield)
rNeg    . . .      Spirit   .    a - +0 robe
rPois   .          Reflect  .    v - +0 helmet
rElec   .          Harm     .    e - +1 cloak
rCorr   .          Rampage  .    (no gloves)
Will    .....                    (no boots)
Stlth   ++                       o - amulet of the acrobat
HPRegen 0.26/turn                s - +6 ring of intelligence
MPRegen 0.10/turn                u - +5 ring of evasion

@: weakened
A: no striking features
a: Renounce Religion, Potion Petition, Call Merchant, Bribe Branch


You were on level 4 of the Dungeon.
You worshipped Gozag.
Gozag was aware of your devotion.
You visited 1 branch of the dungeon, and saw 5 of its levels.

You collected 379 gold pieces.
You paid 21 gold pieces to Gozag.

Inventory:

Hand Weapons
 h - a +1 trident of protection (weapon)
Armour
 a - a +0 robe (worn)
 e - a +1 cloak (worn)
 v - a +0 helmet (worn)
Jewellery
 c - an amulet of guardian spirit
 o - an amulet of the acrobat (around neck)
 q - a ring of ice
 s - a +6 ring of intelligence (left hand)
 u - a +5 ring of evasion (right hand)
Scrolls
 i - 2 scrolls of amnesia {unknown}
 j - a scroll of blinking {unknown}
 k - 2 scrolls of magic mapping {unknown}
 t - a scroll of immolation {unknown}
 w - a scroll of brand weapon {unknown}
Potions
 b - a potion of magic
 d - a potion of berserk rage {unknown}
 f - a potion of invisibility {unknown}
 g - a potion of brilliance {unknown}
 m - a potion of flight {unknown}
 n - a potion of curing
 p - 2 potions of mutation {unknown}
 r - a potion of might {unknown}


   Skills:
 - Level 1.5 Dodging
 - Level 1.5 Stealth
 - Level 1.5 Spellcasting
 - Level 1.0 Conjurations
 * Level 6.6 Fire Magic


You had one spell level left.
You knew the following spells:

 Your Spells              Type           Power      Damage    Failure   Level
a - Foxfire               Conj/Fire      76%        2x1d7     2%          1
b - Scorch                Fire           64%        2d8       1%          2
c - Kindle Blastsparks    Fire/Tloc/Air  22%        2d11      16%         3

Your spell library contained the following spells:

 Spells                   Type           Power      Damage    Failure   Level
 Inner Flame              Hex/Fire       17%        N/A       11%         3
 Flame Wave               Conj/Fire      19%        2d7       28%         4
 Sticky Flame             Conj/Fire      19%        2d4       28%         4
 Manifold Assault         Tloc           1%         N/A       80%         4
 Dispersal                Tloc           0%         N/A       100%        6
 Disjunction              Tloc           0%         N/A       100%        8


Dungeon Overview and Level Annotations

Branches:
Dungeon (5/15)             Temple (0/1) D:4

Altars:
Gozag

Shops:
D:1 (   D:3 :

Annotations:
D:4 Pikel


Message History

You closely miss the orc.
The orc is lightly wounded.
The gnoll bouda is no longer distracted by gold.
The gnoll bouda completely misses you. The gnoll hits you but does no damage.
The orc closely misses you.
You closely miss the orc.
The orc is lightly wounded.
Your attacks no longer feel as feeble.
The gnoll bouda closely misses you. The gnoll hits you but does no damage.
The orc hits you but does no damage.
The gnoll bouda hits you with a +0 club.
The orc closely misses you. The gnoll barely misses you.
You hit the orc but do no damage.
The orc is lightly wounded.
The gnoll bouda barely misses you. The gnoll hits you but does no damage.
The orc closely misses you.
You closely miss the orc.
The orc is lightly wounded.
The orc closely misses you. The gnoll hits you with a +0 whip.
The gnoll bouda gazes fiercely through you!
You feel your attacks grow feeble.
The gnoll bouda hits you with a +0 club.
You barely miss the orc.
The orc is lightly wounded.
The gnoll bouda hits you with a +0 club.
* * * LOW HITPOINT WARNING * * *
The gnoll hits you but does no damage. The orc barely misses you.
The gnoll bouda hits you but does no damage.
The orc misses you. The gnoll closely misses you.
Casting: Foxfire (safe; 2% risk of failure)
Confirm with . or Enter, or press ? or * to list all spells.
Flames lash the gnoll.
The gnoll is severely wounded.
The gnoll's fire resistance burns away.
The gnoll bouda closely misses you. The gnoll completely misses you.
The orc closely misses you.
You closely miss the gnoll.
The gnoll is severely wounded.
The gnoll bouda hits you with a +0 club!
You die...
Your body crumbles into a pile of gold.

..≈~~..<.......... #.#..#
~≈................ #....#####
~#≈.≈.#.#....###.. ###......##
..^.~~###.....).## #..<#....
~~~...#.....#...# #......#.
~....~......#.#.####### #.#....#.
.~..≈......(..#.##....# #.##...#.
####.......#######....###.#....#.
...K...........g@g....#...#....#.
####.....#.##.##o#....#.#####..#.
####.......##.#....#.#####..#.
#.##.#####.#....#....##....
#.##...# #.#....####.##....
###.####.###.####....#.#.....
#...####...#.## ####.#.#..#..
#..~~~.5##.>..####.#.#.#...##
#.~§§§~5.###.......#.#.##....


You could see a gnoll bouda, a gnoll (swift, combustible) and an orc.

Vanquished Creatures
  A lemure (D:4)
  Terence (D:2)
  6 gnolls
  2 adders
  A worm (D:2)
  3 dart slugs
  6 endoplasms
  3 giant cockroaches
  7 goblins
  5 hobgoblins
  10 kobolds
  3 quokkas
  6 ball pythons
  8 bats
  A frilled lizard (D:1)
  4 rats
67 creatures vanquished.

Vanquished Creatures (others)
  214 foxfires
  4 plants (D:5)
218 creatures vanquished.

Grand Total: 285 creatures vanquished

Notes
Turn   | Place    | Note
-------+----------+-------------------------------------------
     0 | D:1      | Crownlay the Hill Orc Fire Elementalist began the quest for
                  | the Orb.
     0 | D:1      | Reached XP level 1. HP: 14/14 MP: 3/3
   255 | D:1      | Reached XP level 2. HP: 20/20 MP: 1/4
   294 | D:1      | Learned a level 2 spell: Scorch
   349 | D:1      | Reached skill level 4 in Fire Magic
   798 | D:1      | Found Joutef's Antique Weapon Shoppe.
  1141 | D:1      | Reached XP level 3. HP: 26/26 MP: 1/5
  1609 | D:2      | Found an opulent altar of Gozag.
  1625 | D:2      | Found a faded altar of an unknown god.
  1635 | D:2      | Became a worshipper of Gozag Ym Sagoz the Greedy
  1641 | D:2      | Reached skill level 5 in Fire Magic
  1912 | D:2      | Noticed Terence
  1941 | D:2      | Killed Terence
  1942 | D:2      | Reached XP level 4. HP: 26/33 MP: 0/6
  2169 | D:2      | Reached skill level 6 in Fire Magic
  2169 | D:2      | Reached XP level 5. HP: 19/38 MP: 1/7
  3132 | D:3      | Found Rewac's Book Shop.
  3761 | D:4      | You fall into a shaft and drop 1 floor!
  3761 | D:5      | Entered Level 5 of the Dungeon
  3869 | D:4      | Found a staircase to the Ecumenical Temple.
  4284 | D:4      | Noticed Pikel
  4284 | D:4      | Noticed a lemure
  4284 | D:4      | Noticed a lemure
  4298 | D:4      | Noticed a lemure
  4372 | D:4      | Learned a level 3 spell: Kindle Blastsparks
  4425 | D:4      | Killed a lemure
  4439 | D:4      | Noticed a lemure
  4548 | D:4      | Slain by a gnoll bouda

Illustrated notes

Levels and vault maps discovered:
D:1:      psy_arrival_radial02, layout_loops_corners, serial_shops,
          nicolae_shop_overgrown_old_shop
D:2:      layout_loops_corners, basic_ecumenical_altar, basic_altar,
          kennysheep_generic_room_5, uniq_terence
D:3:      layout_loops_ring, serial_shops, nicolae_shop_statue_plus
D:4:      layout_basic, minmay_temple_entry_mist, chequers_serial_rivers_marsh,
          uniq_pikel
D:5:      layout_basic, nicolae_grassy_gnolls

Skill      XL: |  1  2  3  4 |
---------------+-------------+-----
Fire Magic     | 4 5 6 |  6.6
Dodging        | |  1.5
Stealth        | |  1.5
Spellcasting   | |  1.5
Conjurations   | |  1.0

Action                     |  1- 3 |  4- 6 || total
---------------------------+-------+-------++-------
  Melee: Dagger            |     5 |       ||     5
         Trident           |    35 |    73 ||   108
   Cast: Foxfire           |    66 |    71 ||   137
         Scorch            |     1 |     6 ||     7
         Kindle Blastspark |       |     2 ||     2
    Use: Scroll            |       |     3 ||     3
   Stab: Sleeping          |     3 |     1 ||     4
         Distracted        |       |     1 ||     1
 Armour: Robe              |    18 |    28 ||    46
  Dodge: Dodged            |    17 |    79 ||    96

Table legend: (Time is in decaauts)
 A = Elapsed time spent in this place.
 B = Non-inter-level travel time spent in this place.
 C = Inter-level travel time spent in this place.
 D = Time resting spent in this place.
 E = Time spent auto-exploring this place.
 F = Levels seen in this place.
 G = Mean time per level.
                   A        B        C        D        E       F      G
               +--------+--------+--------+--------+--------+-----+--------+
         Total |   4597 |   4539 |     58 |    128 |   3692 |   5 |  919.4 |
       Dungeon |   4597 |   4539 |     58 |    128 |   3692 |   5 |  919.4 |
               +--------+--------+--------+--------+--------+-----+--------+

Top non-repeatable levels by time:
     D:2: 1479 daAuts
     D:1: 1452 daAuts
     D:4: 864 daAuts
     D:3: 740 daAuts
     D:5: 61 daAuts
